 Dungeon Crawl Stone Soup version 0.26-a0-110-g95b6527cb0 (webtiles) character file.

Game seed: 10642883210325139518

9 drasked the Sneak (level 2, 13/13 HPs)
             Began as a Spriggan Enchanter on June 23, 2020.
             Quit the game on level 1 of the Dungeon on June 25, 2020.
             The game lasted 00:01:52 (491 turns).

drasked the Sneak (Spriggan Enchanter)               Turns: 491, Time: 00:01:53

Health: 13/13      AC:  2    Str:  4    XL:     2   Next: 6%
Magic:  7/7        EV: 18    Int: 16    God:
Gold:   15         SH:  0    Dex: 16    Spells: 6/7 levels left

rFire    . . .     SeeInvis +   a - +1 dagger
rCold    . . .     Faith    .   (shield restricted)
rNeg     . . .     Spirit   .   b - +0 robe
rPois    .         Reflect  .   (helmet restricted)
rElec    .         Harm     .   (no cloak)
rCorr    .                      (gloves unavailable)
MR       .....                  (boots unavailable)
Stlth    ++........             (no amulet)
HPRegen  0.04/turn              d - ring of attention (curse)
MPRegen  0.10/turn              (no ring)

@: very quick
A: very small, unfitting armour, see invisible, herbivore, speed 3, slow
metabolism 2
a: no special abilities


You were on level 1 of the Dungeon.
You were not hungry.

You visited 1 branch of the dungeon, and saw 1 of its levels.

You collected 15 gold pieces.

Inventory:

Hand Weapons
 a - a +1 dagger (weapon)
Armour
 b - a +0 robe (worn)
Jewellery
 d - a cursed ring of attention (left hand)
   (You found it on level 1 of the Dungeon)
Comestibles
 e - a ration


   Skills:
 + Level 1.6 Short Blades
 - Level 3.0 Dodging
 + Level 4.7 Stealth
 + Level 3.0 Spellcasting
 - Level 3.6 Hexes


You had 6 spell levels left.
You knew the following spells:

 Your Spells              Type           Power        Failure   Level  Hunger
v - Corona                Hex            ##.....      4%          1    #......

Your spell library contained the following spells:

 Spells                   Type           Power        Failure   Level  Hunger
 Confusing Touch          Hex            ##......     13%         3    ###....
 Tukima's Dance           Hex            ##......     13%         3    ###....
 Ensorcelled Hibernation  Hex/Ice        #.....       14%         2    ##.....
 Dazzling Flash           Conj/Hex       #.....       26%         3    ###....


Dungeon Overview and Level Annotations

Branches:
Dungeon (1/15)

Altars:


Innate Abilities, Weirdness & Mutations

You are very small and have problems with some larger weapons.
You are too small for most types of armour.
You have supernaturally acute eyesight. (SInv)
You are a herbivore.
You cover ground extremely quickly.
You need to consume almost no food.


Message History

You see here a +0 club.
c - a scroll labeled BOXUOH RICIAKAL A hobgoblin comes into view.
A goblin comes into view. It is wielding a +0 club.
The hobgoblin shouts!
The goblin shouts!
You hear an angry hiss.
The hobgoblin completely misses you.
You hit the hobgoblin but do no damage. The hobgoblin closely misses you.
You closely miss the hobgoblin. The hobgoblin closely misses you.
You hit the hobgoblin but do no damage. The hobgoblin misses you.
You closely miss the hobgoblin.
A bat comes into view.
A frilled lizard comes into view.
The hobgoblin closely misses you. The bat hits you but does no damage.
You see here a +0 club.
There are monsters nearby!
You hit the bat. The bat hits you. The bat barely misses you.
You hit the bat but do no damage. The bat closely misses you.
You completely miss the bat. The bat closely misses you. x2
You miss the bat. The bat misses you.
You closely miss the bat. The bat barely misses you. x2
You hit the bat. The bat misses you.
You hit the bat.
You kill the bat!
You hit the goblin. The goblin barely misses you.
You hit the goblin. The goblin barely misses you.
You hit the goblin.
You kill the goblin!
You barely miss the frilled lizard. The frilled lizard closely misses you.
You hit the frilled lizard.
You kill the frilled lizard!
You closely miss the hobgoblin. The hobgoblin hits you.
You hit the hobgoblin. The hobgoblin hits you.
* * * LOW HITPOINT WARNING * * *
There is an open door here.
You close the door.
You enter the shallow water.
Moving in this stuff is going to be slow.
You open the door.
There is an open door here.
You close the door.
You start resting.
The hobgoblin is too close now for your liking.
You start resting.
A leopard gecko and a dart slug come into view.
There are monsters nearby!
The hobgoblin shouts!
You hit the hobgoblin but do no damage. The hobgoblin hits you.
The leopard gecko hisses angrily.
You hit the hobgoblin. The hobgoblin closely misses you.
You hit the hobgoblin. The hobgoblin closely misses you.
You hit the hobgoblin.
You kill the hobgoblin!
You hit the leopard gecko but do no damage.
The leopard gecko misses you.
You barely miss the leopard gecko.
The leopard gecko hisses menacingly.
The leopard gecko closely misses you.
You hit the leopard gecko. The leopard gecko barely misses you.
You closely miss the leopard gecko. The leopard gecko misses you.
The leopard gecko barely misses you.
You hit the leopard gecko but do no damage.
The leopard gecko closely misses you.
You hit the leopard gecko. The leopard gecko misses you.
You closely miss the leopard gecko. The leopard gecko bites you.
* * * LOW HITPOINT WARNING * * *
You hit the leopard gecko. The leopard gecko misses you.
You barely miss the leopard gecko. The leopard gecko barely misses you.
You miss the leopard gecko. The leopard gecko barely misses you.
You hit the leopard gecko.
You kill the leopard gecko!
Your Spellcasting skill increases to level 3!
You have reached level 2!
You see here a hobgoblin corpse.
You start resting.
d - a garnet ring Oops, that ring feels deathly cold.
d - a cursed ring of attention (left hand)
A kobold comes into view. It is wielding a +0 club.
The helpless kobold fails to defend itself.
You impale the kobold!!
You kill the kobold!
As you read the scroll labeled BOXUOH RICIAKAL, it crumbles to dust.
It is a scroll of identify.
You don't have any unidentified items.
Things that are here:
a +0 club; a kobold corpse You now have 15 gold pieces (gained 3).
A kobold comes into view. It is wielding a +0 short sword.
The kobold shouts!
The kobold barely misses you.
You closely miss the kobold. The kobold barely misses you.
You barely miss the kobold. The kobold misses you.
You hit the kobold. The kobold closely misses you.
You barely miss the kobold. The kobold barely misses you.
You completely miss the kobold. The kobold barely misses you.
You closely miss the kobold. The kobold misses you.
Welcome back, drasked the Spriggan Enchanter.
Unknown command.
Okay, then.

#.# #.#
#)# #.#
#.# ##
#.# ..
#.#
#.####.#
#K@...#
#.######
#


You could see a kobold.

Levels and vault maps discovered:
D:1:      lightli_arrival_flooded_house, layout_loops_ring, chequers_big_river

Notes
Turn   | Place    | Note
-------+----------+-------------------------------------------
     0 | D:1      | drasked the Spriggan Enchanter began the quest for the Orb.
     0 | D:1      | Reached XP level 1. HP: 9/9 MP: 5/5
    18 | D:1      | Identified a +0 club
    31 | D:1      | Identified a +0 club
   269 | D:1      | Identified a +0 club
   292 | D:1      | Reached skill level 3 in Spellcasting
   292 | D:1      | Reached XP level 2. HP: 6/13 MP: 7/7
   464 | D:1      | Identified a ring of attention (You found it on level 1 of
                  | the Dungeon)
   466 | D:1      | Identified a +0 club
   474 | D:1      | Identified a scroll of identify
   481 | D:1      | Identified a +0 short sword
   491 | D:1      | Quit the game

Table legend:
 A = Turns spent in this place as a percentage of turns spent in the entire game.
 B = Non-inter-level travel turns spent in this place as a percentage of non-inter-level travel turns spent in the entire game.
 C = Inter-level travel turns spent in this place as a percentage of turns spent in this place.
 D = Turns resting spent in this place as a percentage of non-inter-level travel turns spent in this place.
 E = Turns spent auto-exploring this place as a percentage of non-inter-level travel turns spent in this place.
 F = Non-inter-level travel turns spent in this place divided by the number of levels of this place that you've seen.
                   A       B       C       D       E      F
               +-------+-------+-------+-------+-------+----------------------
         Total | 100.0 | 100.0 |   0.0 |  67.2 |   6.5 | 491.0
       Dungeon | 100.0 | 100.0 |   0.0 |  67.2 |   6.5 | 491.0
               +-------+-------+-------+-------+-------+----------------------

Table legend:
 A = Kills in this place as a percentage of kills in entire the game.
 B = Kills by you in this place as a percentage of kills by you in the entire game.
 C = Kills by friends in this place as a percentage of kills by friends in the entire game.
 D = Other kills in this place as a percentage of other kills in the entire game.
 E = Experience gained in this place as a percentage of experience gained in the entire game.
 F = Experience gained in this place divided by the number of levels of this place that you have seen.
                   A       B       C       D       E      F
               +-------+-------+-------+-------+-------+----------------------
         Total | 100.0 | 100.0 |   N/A |   N/A | 100.0 |  14.0
       Dungeon | 100.0 | 100.0 |   N/A |   N/A | 100.0 |  14.0
               +-------+-------+-------+-------+-------+----------------------

Skill      XL: |  1 |
---------------+----+-----
Spellcasting   | 3 |  3.0
Short Blades   | |  1.6
Dodging        | |  3.0
Stealth        | |  4.7
Hexes          | |  3.6

Action                   || total
-------------------------++-------
Melee: Dagger            ||    41
  Use: Scroll            ||     1
 Stab: Sleeping          ||     2
Armor: Robe              ||     1
Dodge: Dodged            ||    35

Vanquished Creatures
  A leopard gecko (D:1)
  A bat (D:1)
  2 goblins (D:1)
  A hobgoblin (D:1)
  A kobold (D:1)
  A frilled lizard (D:1)
7 creatures vanquished.
